Unix NetHack Version 5.0.0-0 post-release - last build Jul 19 2026 19:10:59 (3aa4ab31751d3886436d94b585a96704892fd477,branch:main).

Game began 2026-07-21 08:55:14, ended 2026-07-21 09:56:06.

Eymerich, chaotic male elven Priest

                                -----
                                |...|
   --------------           ####....|
   |............|           #----....#################0        ------
   |.............###        #|......|                 #        o...o|
   |............|  ##########|.....[|                   ###f@@Go.\..|
   |...........>|         #  |......|                   #      oo...|
   |............|         ## ----...|                   #      ------
   ------------.-         ###   |....####               #
                         ##     +...|   ###             #
                 #########      -----     ####          #
                ##                           ####   #####
           ######                               ##  #                  ------
   --------#            --------------           ## #    -----------   |....|
   |.......#          ##-............|    --------####   |.........|  #-....|
   |......|           # |.....).......### |...F..-#######|.........|  #|.r..|
   |...`..-############ |............|  # |.....<|      #-.....{....###------
   ------|-             --------------  ##.......|       -----------
                                          --------

Eymerich the Acolyte         St:9 Dx:15 Co:14 In:6 Wi:20 Ch:10  Chaotic
Dlvl:6  $:186 HP:0(38) Pw:60(65) AC:9  Xp:5 T:3546 

Latest messages:
 The gnome is killed!
 The 2nd dart hits the Elvenking.
 The goblin wakes up!
 The Elvenking picks up a crossbow.
 The goblin picks up a dart.
 The Elvenking wields a crossbow!
 The Elvenking shoots a crossbow bolt!
 The crossbow bolt hits the kitten.
 The gnome picks up 6 blessed crossbow bolts.
 The hobgoblin wakes up!
 The hobgoblin throws a crude dagger!
 The crude dagger hits the goblin.
 The Elvenking wields a mace!
 The gnome lord throws 2 darts!
 The 1st dart misses the goblin.
 The 1st dart misses the Elvenking.
 The 1st dart hits the kitten.
 The 2nd dart hits the goblin.
 The goblin is killed!
 The hobgoblin wakes up!
 The gnome picks up 2 darts.
 The Elvenking picks up a crossbow.
 In what direction?
 You feel better.
 The gnome lord picks up an iron skull cap.
 You swap places with your kitten.
 You see here a blessed crossbow bolt.
 The gnome picks up an iron skull cap.
 The gnome lord puts on an iron skull cap.
 The Elvenking swings his mace.
 The Elvenking hits!
 The Elvenking swings his mace.
 The Elvenking hits again!
 What do you want to use or apply? [wzL or ?*]
 In what direction?
 The Elvenking is blinded by the flash!
 The Elvenking turns to flee.
 The gnome lord throws a dart!
 The dart misses the Elvenking.
 You are hit by a dart.
 The hobgoblin picks up a crude dagger.
 The Elvenking swings his mace.
 The Elvenking hits!
 The Elvenking swings his mace.
 The Elvenking hits again!
 You die...
 Do you want your possessions identified? [ynq] (y)
 Do you want to see your attributes? [ynq] (y)
 Do you want an account of creatures vanquished? [ynaq] (y)
 Do you want to see your conduct and achievements? [ynq] (y)

Inventory:
 Coins    ('$')
  $ - 186 gold pieces
 Weapons  (')')
  P - a +0 sling (alternate weapon; not wielded)
  o - 11 +0 darts (at the ready)
  v - 3 +0 orcish daggers
  y - a blessed +0 spear
  A - a +0 flail
  a - a blessed +1 mace (weapon in right hand)
 Armor    ('[')
  B - a +0 elven leather helm (being worn)
  k - a +0 orcish helm
  u - a +0 orcish helm
  Q - a +0 dwarvish cloak (being worn)
  b - a +0 robe
 Comestibles  ('%')
  n - 3 slime molds
  e - a clove of garlic
  m - a food ration
  j - 2 fortune cookies
  E - a lichen corpse
 Potions  ('!')
  c - a potion of healing
  g - a potion of sickness
  d - a potion of holy water
 Rings    ('=')
  q - a cursed ring of hunger
  s - a ring of protection from shape changers
 Tools    ('(')
  w - an expensive camera (0:57)
  z - a lock pick
  L - a cursed tin whistle
 Gems/Stones  ('*')
  G - 2 worthless pieces of green glass named soft
  h - 2 worthless pieces of white glass named soft
  x - a worthless piece of yellowish brown glass named soft

Eymerich the Priest's attributes:

Background:
 You were an Acolyte, a level 5 elven Priest.
 You were chaotic, on a mission for Huan Ti
 who was opposed by Shan Lai Ching (lawful) and Chih Sung-tzu (neutral).
 You were right-handed.
 You were in the Dungeons of Doom, on level 6.
 You entered the dungeon 3546 turns ago.
 You had 212 experience points, 108 more were needed to attain level 6.

Basics:
 You had 0 out of 38 hit points.
 You had 60 out of 65 energy points (spell power).
 Your armor class was 9.
 Your wallet contained 186 zorkmids.
 Autopickup was off.

Final Characteristics:
 Your strength was 9 (limit:18).
 Your dexterity was 15 (limit:18).
 Your constitution was 14 (limit:16).
 Your intelligence was 6 (peak:12, limit:20).
 Your wisdom was 20 (limit:20).
 Your charisma was 10 (limit:18).

Final Status:
 You weren't hungry.
 You were unencumbered.
 You were wielding a mace.
 You had basic skill with mace.

Final Attributes:
 You were piously aligned.
 Your items were somewhat protected from fire.
 Your items were somewhat protected from cold.
 You were sleep resistant.
 You were telepathic.
 You had infravision.
 You were warded.
 You are dead.

Miscellaneous:
 You didn't encounter any bones levels.
 Total elapsed playing time was 1 hour and 47 seconds.

Major events:
 Turn
    1: Eymerich the chaotic elven Priest entered the dungeon
  988: attained the rank of Acolyte (level 3)
 1878: entered the Gnomish Mines
 3546: killed by an Elvenking

Spells:
 Name                 Level Category     Fail Retention
 detect monsters        1   divination     0%    (gone)
 healing                1   healing        0%  76%-100%

Skills:
 Fighting Skills
   bare handed combat [Unskilled]
 Weapon Skills
   club               [Unskilled]
   mace               [Basic]
   morning star       [Unskilled]
   flail              [Unskilled]
   hammer             [Unskilled]
   quarterstaff       [Unskilled]
   polearms           [Unskilled]
   spear              [Unskilled]
   trident            [Unskilled]
   lance              [Unskilled]
   bow                [Unskilled]
   sling              [Unskilled]
   crossbow           [Unskilled]
   dart               [Unskilled]
   shuriken           [Unskilled]
   boomerang          [Unskilled]
   unicorn horn       [Unskilled]
 Spellcasting Skills
   healing spells     [Unskilled]
   divination spells  [Unskilled]
   clerical spells    [Basic]

Voluntary challenges:
 Character rerolling was not enabled.
 You never genocided any monsters.
 You never polymorphed an object.
 You never changed form.
 You used no wishes.
Achievements:
 You attained the rank of Acolyte.
 You entered the Gnomish Mines.

 The Dungeons of Doom: levels 1 to 9
    Level 1:
    Level 2:
       A fountain.
    Level 3:
       Some fountains.
    Level 4: "vault"
       Stairs down to The Gnomish Mines.
    Level 5:
       Many fountains.
    Level 6: <- You were here.
       A throne, a fountain.
       Final resting place for
          you, killed by an Elvenking.
    Level 7:
       A fountain.
    Level 8:
    Level 9:
 The Gnomish Mines:
    Level 5:


Vanquished creatures:
  a bugbear
  a pony
  a giant ant
  a floating eye
  a kobold leader
  a rothe
  a centipede
  a monkey
  a werejackal
  6 iguanas
 an acid blob
  a gas spore
  a hobbit
  a hobgoblin
  3 giant rats
  a yellow mold
  3 gnomes
  a gecko
  a jackal
  a fox
  a kobold
  5 goblins
  2 grid bugs
  a bat
  6 lichens
  2 kobold zombies
  5 newts
51 creatures vanquished.

No species were genocided or became extinct.

Game over:
                       ----------
                      /          \
                     /    REST    \
                    /      IN      \
                   /     PEACE      \
                  /                  \
                  |     Eymerich     |
                  |      186 Au      |
                  |   killed by an   |
                  |    Elvenking     |
                  |                  |
                  |                  |
                  |       2026       |
                 *|     *  *  *      | *
        _________)/\\_//(\/(/\)/\//\/|_)_______

Goodbye Eymerich the Priest...

You died in The Dungeons of Doom on dungeon level 6 with 1496 points,
and 186 pieces of gold, after 3546 moves.
You were level 5 with a maximum of 38 hit points when you died.

